 Dungeon Crawl Stone Soup version 0.19-a0-713-g934ebc7 (webtiles) character file.

46 shmeve the Skirmisher (level 3, -1/34 HPs)
             Began as a Minotaur Berserker on June 21, 2016.
             Was a Believer of Trog.
             Slain by a shadow imp (4 damage)
             ... summoned by Natasha
             ... on level 2 of the Dungeon.
             The game lasted 00:01:25 (757 turns).

shmeve the Skirmisher (Minotaur Berserker)           Turns: 757, Time: 00:01:26

Health: -1/34      AC:  3    Str: 22    XL:     3   Next: 46%
Magic:  2/2        EV: 12    Int:  4    God:    Trog [**....]
Gold:   87         SH:  0    Dex:  9    Spells: 0 memorised, 2 levels left

rFire  . . .     SeeInvis .     a - +0 hand axe
rCold  . . .     Gourm    .     b - +0 animal skin
rNeg   . . .     Faith    .     (no shield)
rPois  .         Spirit   .     (helmet restricted)
rElec  .         Dismiss  .     (no cloak)
rCorr  .         Reflect  .     e - +0 pair of gloves
SustAt .         Harm     .     (no boots)
MR     .....                    (no amulet)
Stlth  +.........               (no ring)
                                (no ring)

@: lethally poisoned (-1 -> -6), slowed, very slow, not resistant to hostile
enchantments, very unstealthy
A: retaliatory headbutt, horns 2
a: Berserk, Trog's Hand, Burn Spellbooks, Renounce Religion


You were on level 2 of the Dungeon.
You worshipped Trog.
Trog was pleased with you.
You were not hungry.

You visited 1 branch of the dungeon, and saw 2 of its levels.

You collected 87 gold pieces.

Inventory:

Hand Weapons
 a - a +0 hand axe (weapon)
Armour
 b - a +0 animal skin (worn)
 e - a +0 pair of gloves (worn)
Scrolls
 f - a scroll of noise {unknown}
 j - a scroll of fog {unknown}
 k - a scroll of amnesia {unknown}
 l - 2 scrolls of random uselessness {unknown}
Potions
 g - 2 potions of agility {unknown}
 h - a potion of ambrosia {unknown}
 i - a potion of heal wounds {unknown}
Comestibles
 c - a bread ration
 d - 2 beef jerkies


   Skills:
 * Level 4.4 Fighting
 * Level 4.2 Axes
 + Level 2.9 Armour
 + Level 2.5 Dodging


You had 2 spell levels left.
You didn't know any spells.

Dungeon Overview and Level Annotations

Branches:
Dungeon (2/15)

Altars:

Annotations:
D:2 Natasha


Innate Abilities, Weirdness & Mutations

You reflexively headbutt those who attack you in melee.
You have a pair of horns on your head.


Message History

You hit the shadow imp but do no damage.
You closely miss the adder.
The adder is heavily wounded.
You feel sick. The adder bites you. The shadow imp gestures at you.
You barely resist. Natasha misses you. The adder completely misses you.
You closely miss Natasha. Your headbutt misses Natasha.
Natasha is heavily wounded.
You hit the adder.
The adder is severely wounded.
You barely miss the shadow imp.
You feel sick. The adder bites you but does no damage.
The shadow imp gestures at you. Pain shoots through your body!
* * * LOW HITPOINT WARNING * * *
Natasha closely misses you. The adder barely misses you.
You furiously retaliate!
You headbutt the adder, but do no damage.
The shadow imp hits you.
You die...

#.........#
#.........#
#.........##
#...........
#........(..
####...........
......h........
###S@5..##..
#.........#
#.........#
######...>.......
.................
######...........
.. # # ###.####....
.. . ...#
#....##.......#####
.#. .#.####
#.##..#............


You could see Natasha, an adder and a shadow imp.

Vanquished Creatures
  2 adders (D:2)
  A dart slug (D:1)
  A giant gecko (D:1)
  4 bats
  A giant cockroach (D:1)
  3 goblins (D:1)
  3 hobgoblins (D:1)
  4 giant newts
  5 kobolds (D:1)
  3 rats
27 creatures vanquished.

Notes
Turn   | Place    | Note
--------------------------------------------------------------
     0 | D:1      | shmeve the Minotaur Berserker began the quest for the Orb.
     0 | D:1      | Reached XP level 1. HP: 19/19 MP: 0/0
   178 | D:1      | Reached XP level 2. HP: 27/27 MP: 1/1
   317 | D:1      | Reached ** piety under Trog
   672 | D:2      | Reached XP level 3. HP: 33/33 MP: 2/2
   751 | D:2      | Noticed Natasha
   757 | D:2      | Slain by a shadow imp

Vault maps used:
D:1:      dpeg_arrival_signposts
D:2:      lemuel_crystal_altar, uniq_robin, uniq_natasha, uniq_terence

Skill      XL: |  1  2 |
---------------+-------+-----
Fighting       | 4 |  4.4
Axes           | 4 |  4.2
Armour         | |  2.9
Dodging        | |  2.5

Action                   || total
-------------------------++-------
Melee: Hand axe          ||    51
       Headbutt          ||     4
 Stab: Sleeping          ||     1
Armor: Animal skin       ||    11
Dodge: Dodged            ||    49
